 Dungeon Crawl Stone Soup version 0.32-a0-999-gfa1cc04b1d (webtiles) character file.

Game seed: 3480003953430864950

3866 Findleman the Cleaver (level 9, -10/89 HPs)
             Began as a Mountain Dwarf Fighter on Apr 25, 2024.
             Was a Believer of Nemelex Xobeh.
             Mangled by an orc warlord
             ... wielding a +3 battleaxe
              (14 damage)
             ... in a bailey.
             The game lasted 00:11:39 (7828 turns).

Findleman the Cleaver (Mountain Dwarf Fighter)      Turns: 7828, Time: 00:11:39

Health: -10/89     AC: 13    Str: 22    XL:     9   Next: 99%
Magic:  9/9        EV:  2    Int: 10    God:    Nemelex Xobeh [**....]
Gold:   461        SH: 11    Dex:  9    Spells: 8/8 levels left

rFire   . . .        a - +0 war axe
rCold   . . .        x - +0 tower shield
rNeg    . . .        j - +0 plate armour
rPois   .            (no helmet)
rElec   .            (no cloak)
rCorr   .            (no gloves)
SInv    .            b - +0 pair of boots
Will    .....        (no amulet) Stlth
                     (no ring)
HPRegen 0.34/turn    (no ring)
MPRegen 0.11/turn

%: no passive effects
@: no status effects
A: runic magic, artefact enchanting
a: Renounce Religion, Draw Escape, Draw Destruction, Draw Summoning


You were in a bailey.
You worshipped Nemelex Xobeh.
Nemelex Xobeh was pleased with you.
You visited 1 branch of the dungeon, and saw 8 of its levels.
You also visited: Bailey.

You collected 461 gold pieces.

Inventory:

Hand Weapons
 a - a +0 war axe (weapon)
 z - a +0 short sword of electrocution
Missiles
 p - 2 throwing nets (quivered)
Armour
 b - a +0 pair of boots (worn)
 c - a +0 buckler
 j - a +0 plate armour (worn)
 x - a +0 tower shield (worn)
Jewellery
 k - a +4 ring of slaying
 r - a +6 ring of intelligence
Wands
 s - a wand of warping (13)
Scrolls
 e - 2 scrolls of noise {unknown}
 g - 8 scrolls of identify {unknown}
 h - 2 scrolls of enchant weapon {unknown}
 i - 6 scrolls of teleportation {unknown}
 o - 2 scrolls of blinking {unknown}
 u - 2 scrolls of amnesia {unknown}
 v - a scroll of fog {unknown}
 w - a scroll of poison {unknown}
 y - a scroll of fear {unknown}
 B - a scroll of brand weapon {unknown}
 E - a scroll of enchant armour {unknown}
 F - a scroll of revelation {unknown}
Potions
 d - a potion of might
 f - 2 potions of heal wounds
 l - 2 potions of ambrosia {unknown}
 m - 4 potions of curing {unknown}
 n - 2 potions of mutation {unknown}
 q - a potion of brilliance {unknown}
 t - a potion of degeneration {unknown}
 A - a potion of magic {unknown}
 C - a potion of haste {unknown}
 D - a potion of resistance {unknown}


   Skills:
 * Level 11.0 Fighting
 * Level 11.7 Axes
 + Level 6.0 Armour
 - Level 3.2 Shields


You had 8 spell levels left.
You didn't know any spells.
Your spell library contained the following spells:

 Spells                   Type           Power      Damage    Failure   Level
 Ensorcelled Hibernation  Hex/Ice        0%         N/A       100%        2
 Passwall                 Erth           0%         N/A       100%        3
 Swiftness                Air            0%         N/A       100%        3
 Conjure Ball Lightning   Conj/Air       0%         3x3d6     100%        6
 Discord                  Hex            0%         N/A       100%        8
 Disjunction              Tloc           0%         N/A       100%        8


Dungeon Overview and Level Annotations

Branches:
Dungeon (8/15)             Temple (0/1) D:4          Bailey (1/1)
   Lair: D:8-11

Altars:
Nemelex Xobeh
Ru
Wu Jian

Shops:
D:3 :

Portals:
Abyss: D:6

Annotations:
D:6 2 transporters, LlamaRama1234's ghost, novice TrMo


Innate Abilities, Weirdness & Mutations

Your spellcasting is much less encumbered by armour.
You can use scrolls of enchantment on lesser artefacts.


Message History

Findleman's illusion hits the orc warrior!
The orc warlord hits you with a +3 battleaxe!!
The orc warlord hits Findleman's illusion with a +3 battleaxe!!
The orc warrior barely misses Findleman's illusion.
You block the orc warrior's attack.
You feel much better.
Findleman's illusion hits the orc warrior.
The orc warrior dies!
You block the orc warlord's attack.
The orc warlord hits Findleman's illusion but does no damage.
Your Armour skill increases to level 6!
You slash the orc warlord!
The orc warlord is lightly wounded.
You closely miss the orc warrior.
Findleman's illusion barely misses the orc warlord.
The orc warlord hits you with a +3 battleaxe.
The orc warlord hits Findleman's illusion with a +3 battleaxe!
The orc warrior hits you with a +0 war axe.
You closely miss the orc warlord.
The orc warlord is lightly wounded.
You closely miss the orc warrior.
Findleman's illusion shimmers and vanishes!
The orc warrior no longer looks unusually strong.
The orc warlord roars a battlecry!
The orc warrior goes into a battle-frenzy!
The orc warrior hits you with a +0 war axe!
You barely miss the orc warlord.
The orc warlord is lightly wounded.
You hit the orc warrior.
The orc warlord hits you with a +3 battleaxe!!
The orc warrior hits you with a +0 war axe!
* * * LOW HITPOINT WARNING * * *
You draw a card...
You have drawn Velocity.
The orc warrior seems to slow down.
The orc warlord hits you with a +3 battleaxe!
* * * LOW HITPOINT WARNING * * *
Unknown command.
The orc warlord attacks as it pursues you!
The orc warlord hits you with a +3 battleaxe!
You die...
Your body disappears without a glow.

##.....##.........##.....##
#.......#.........#.......#
##.......##o.....o##.......##
#.........# ..... #.........#
##.........## ... #.........#
#.....⌠.....###o###.....⌠.....#
##.........##ßß.ßß##.........##
#.........#..o.)..#.........#
##.......##..@o...##.......##
#......)))........'.......#
##.....##)........##.....##
#######.....⌠.....#######
##.........## #.........#
##.......## #.......# ##..∩..##


You could see an orc warlord, an orc warrior (strong, slow) and an orc (strong).

Vanquished Creatures
  The ghost of Anchor the Cleaver, a novice MiMo of Ru (D:7)
  Pikel (D:4)
  A water moccasin (D:7)
  5 orc warriors
  3 sky beasts
  An ogre (D:5)
  3 kobold brigands
  2 bullfrogs
  2 bombardier beetles
  2 hounds
  2 jellies
  An orc priest (D:8)
  5 iguanas
  3 orc wizards
  A gnoll (Bailey)
  7 adders
  A shadow imp (D:5)
  2 ufetubi (D:7)
  2 dart slugs
  A ribbon worm (D:2)
  31 orcs
  3 bats (D:3)
  2 endoplasms
  A giant cockroach (D:2)
  24 goblins
  13 hobgoblins
  2 jackals (D:1)
  A quokka (D:1)
  5 ball pythons
  4 frilled lizards
  11 kobolds
  5 rats
148 creatures vanquished.

Vanquished Creatures (collateral kills)
  An orc knight (Bailey)
  6 orc warriors (Bailey)
  3 orcs (Bailey)
  2 goblins (Bailey)
  A hobgoblin (Bailey)
13 creatures vanquished.

Grand Total: 161 creatures vanquished

Notes
Turn   | Place    | Note
-------+----------+-------------------------------------------
     0 | D:1      | Findleman the Mountain Dwarf Fighter began the quest for
                  | the Orb.
     0 | D:1      | Reached XP level 1. HP: 19/19 MP: 1/1
   143 | D:1      | Reached XP level 2. HP: 26/26 MP: 2/2
   442 | D:2      | Found a faded altar of an unknown god.
   478 | D:2      | Found a sacrificial altar of Ru.
   604 | D:2      | Reached XP level 3. HP: 33/33 MP: 3/3
  1105 | D:3      | You fall into a shaft and drop 3 floors!
  1116 | D:5      | Entered Level 5 of the Dungeon
  1124 | D:5      | Reached XP level 4. HP: 32/41 MP: 4/4
  1275 | D:5      | Reached skill level 5 in Fighting
  1372 | D:5      | Reached skill level 5 in Axes
  1372 | D:5      | Reached XP level 5. HP: 6/48 MP: 5/5
  1596 | D:5      | Noticed an ogre
  1607 | D:5      | Killed an ogre
  1639 | D:5      | Reached XP level 6. HP: 37/57 MP: 6/6
  2342 | D:4      | Found a sparkling altar of Nemelex Xobeh.
  2342 | D:4      | Found an ornate altar of the Wu Jian Council.
  2365 | D:4      | Became a worshipper of Nemelex Xobeh the Trickster
  2871 | D:3      | Found Diamy's Book Boutique.
  3543 | D:4      | Reached * piety under Nemelex Xobeh
  3547 | D:4      | Reached XP level 7. HP: 64/64 MP: 7/7
  3566 | D:4      | Noticed Pikel
  3578 | D:4      | Killed Pikel
  3909 | D:4      | Reached XP level 8. HP: 74/74 MP: 8/8
  4019 | D:4      | Found a staircase to the Ecumenical Temple.
  4037 | D:4      | Received a gift from Nemelex Xobeh
  4984 | D:6      | Found a transporter.
  4985 | D:6      | Noticed an ancient zyme
  5349 | D:6      | Identified the +4 leather armour of Ijustrei {+Inv rF++
                  | Int-2 Stlth-}
  5354 | D:6      | Found a transporter.
  5363 | D:6      | Found a one-way gate to the infinite horrors of the Abyss.
  5381 | D:6      | Noticed LlamaRama1234's ghost (novice TrMo)
  5690 | D:7      | Reached ** piety under Nemelex Xobeh
  6464 | D:7      | Found a runed translucent door.
  6467 | D:7      | Noticed Anchor's ghost (novice MiMo)
  6493 | D:7      | Killed Anchor's ghost
  6494 | D:7      | Reached skill level 10 in Axes
  6494 | D:7      | Reached XP level 9. HP: 74/85 MP: 9/9
  6774 | D:8      | Found a flagged portal.
  6796 | Bailey   | Entered a bailey
  7241 | Bailey   | Reached skill level 10 in Fighting
  7328 | Bailey   | Reached skill level 5 in Armour
  7345 | Bailey   | Received a gift from Nemelex Xobeh
  7362 | Bailey   | Noticed an orc knight
  7380 | Bailey   | Killed an orc knight
  7812 | Bailey   | Noticed an orc warlord
  7827 | Bailey   | HP: 4/89 [orc warlord/+3 battleaxe (14)]
  7828 | Bailey   | Mangled by an orc warlord

Illustrated notes

Levels and vault maps discovered:
D:1:      dpeg_arrival_three_same_balls, layout_rooms
D:2:      layout_basic, hellmonk_ecumenical_altar_heavens_door, basic_altar,
          kennysheep_minor_cross
D:3:      layout_basic, serial_shops, shop
D:4:      layout_loops_cross, nicolae_overflow_hidden_temple,
          minmay_temple_entry_steel_oval, hangedman_abyss_or_decor_stagger,
          uniq_pikel
D:5:      layout_basic
D:6:      layout_loops_ring, gammafunk_ghost_abyssal_escape
D:7:      layout_basic, ebering_ghost_reflecting_pool, hangedman_decor_lopped,
          serial_park_tiny_pond
D:8:      layout_basic, enter_bailey_5, minmay_misc_feat_x, eino_tiny_chamber,
          hangedman_misty_isle, uniq_erica
Bailey:   bailey_axe_minmay_hex_keep, bailey

Skill      XL: |  1  2  3  4  5  6  7  8  9 |
---------------+----------------------------+-----
Axes           | 3 4 5 6 8 10 11 | 11.7
Fighting       | 4 5 6 7 9 11 | 11.0
Armour         | 4 6 |  6.0
Shields        | |  3.2

Action                     |  1- 3 |  4- 6 |  7- 9 || total
---------------------------+-------+-------+-------++-------
  Melee: War axe           |    96 |   116 |   339 ||   551
 Invoke: Draw Destruction  |       |       |     3 ||     3
         Draw Summoning    |       |       |     3 ||     3
         Draw Escape       |       |       |     1 ||     1
    Use: Potion            |       |     3 |     2 ||     5
 Armour: Scale mail        |    53 |       |       ||    53
         Plate armour      |    45 |    95 |   272 ||   412
  Dodge: Dodged            |    29 |    34 |    43 ||   106
  Block: Buckler           |    19 |    19 |    20 ||    58
         Tower shield      |       |       |   137 ||   137

Table legend: (Time is in decaauts)
 A = Elapsed time spent in this place.
 B = Non-inter-level travel time spent in this place.
 C = Inter-level travel time spent in this place.
 D = Time resting spent in this place.
 E = Time spent auto-exploring this place.
 F = Levels seen in this place.
 G = Mean time per level.
                   A        B        C        D        E       F      G
               +--------+--------+--------+--------+--------+-----+--------+
         Total |   7978 |   7758 |    220 |   2489 |   3633 |   9 |  886.4 |
       Dungeon |   6925 |   6705 |    220 |   1749 |   3633 |   8 |  865.6 |
        Bailey |   1053 |   1053 |      0 |    740 |      0 |   1 | 1053.0 |
               +--------+--------+--------+--------+--------+-----+--------+

Top non-repeatable levels by time:
     D:5: 1530 daAuts
     D:7: 1260 daAuts
     D:6: 1073 daAuts
  Bailey: 1053 daAuts
     D:4: 971 daAuts
     D:3: 889 daAuts
     D:2: 563 daAuts
     D:1: 427 daAuts
     D:8: 209 daAuts
